 Dungeon Crawl Stone Soup version 0.24-a0-125-gdf02491 (console) character file.

Game seed: 4610150991215376142

6018 Duffy the Cleaver (level 10, -2/92 HPs)
             Began as a Naga Gladiator on Feb 23, 2019.
             Was an Initiate of the Shining One.
             Slain by Erolcha
             ... wielding a +0 giant spiked club
              (18 damage)
             ... on level 10 of the Dungeon.
             The game lasted 00:08:34 (9702 turns).

Duffy the Cleaver (Naga Gladiator)                  Turns: 9702, Time: 00:08:35

Health: -2/92      AC: 13    Str: 18    XL:     10   Next: 86%
Magic:  0/14       EV: 11    Int: 11    God:    the Shining One [......]
Gold:   535        SH:  0    Dex: 12    Spells: 9/9 levels left

rFire    + . .     SeeInvis +   E - +9 mace "Nireav" {crush, MR+}
rCold    . . .     Gourm    .   (no shield)
rNeg     . . .     Faith    .   A - +1 ring mail {rF+}
rPois    +         Spirit   +   c - +0 helmet
rElec    .         Reflect  .   y - scarf {Spirit}
rCorr    .         Harm     .   G - +0 pair of gloves
MR       ++...                  (no barding)
Stlth    +.........             (no amulet)
HPRegen  0.25/turn              n - +3 ring of protection
MPRegen  0.14/turn              (no ring)

@: glowing, lightly drained, very slow
A: large, see invisible, deformed body, poison resistance, slowness 2, slow
metabolism 1, spit poison 1, AC +3
a: Spit Poison, Renounce Religion


You were on level 10 of the Dungeon.
You worshipped the Shining One.
The Shining One was noncommittal.
You were not hungry.

You visited 2 branches of the dungeon, and saw 11 of its levels.

You collected 535 gold pieces.

Inventory:

Hand Weapons
 a - a +1 war axe
 b - the +11 hand crossbow of Neifiyst {elec, rN+ Int+2 Dex+2 SInv}
   (You found it on level 4 of the Dungeon)

   It charges the ammunition it shoots with electricity; occasionally upon a
   hit, such missiles may discharge and cause terrible harm.
   It affects your intelligence (+2).
   It affects your dexterity (+2).
   It protects you from negative energy.
   It lets you see invisible.
 E - the +9 mace "Nireav" (weapon) {crush, MR+}
   (You found it on level 5 of the Dungeon)

   It inflicts extra damage upon your enemies.
   It affects your resistance to hostile enchantments.
 J - the +6 short sword "Nixaor" {flame, +Fly, unknown}
   (You found it on level 7 of the Dungeon)

   It has been specially enchanted to burn those struck by it, causing extra
   injury to most foes and up to half again as much damage against particularly
   susceptible opponents.
   It lets you fly.
 L - a +0 blowgun
 O - a +0 dagger of electrocution
 R - a +0 scimitar of flaming
Missiles
 d - 2 throwing nets (quivered)
 Q - 15 bolts
Armour
 c - a +0 helmet (worn)
 o - a scarf of repulsion
 u - a +0 cloak
 y - a scarf of spirit shield (worn)
 A - a +1 ring mail of fire resistance (worn)
 C - a +0 leather armour
 G - a +0 pair of gloves (worn)
 M - a +0 ring mail of fire resistance
Jewellery
 n - a +3 ring of protection (left hand)
Wands
 h - a wand of polymorph (10)
 k - a wand of flame (9)
 F - a wand of random effects (21)
Scrolls
 g - 4 scrolls of teleportation
 i - 3 scrolls of magic mapping
 j - 3 scrolls of enchant weapon
 m - 4 scrolls of remove curse
 s - 3 scrolls of fog
 w - 3 scrolls of immolation {unknown}
 x - 2 scrolls of random uselessness {unknown}
 H - a scroll of amnesia {unknown}
 K - a scroll of fear {unknown}
 N - a scroll of enchant armour {unknown}
Potions
 e - 6 potions of might
 l - 2 potions of berserk rage {unknown}
 p - 2 potions of brilliance {unknown}
 q - 4 potions of heal wounds
 r - 4 potions of haste
 t - 5 potions of curing
 v - 3 potions of flight
 z - a potion of ambrosia {unknown}
 B - a potion of degeneration {unknown}
 D - a potion of resistance {unknown}
 I - 2 potions of mutation
 P - a potion of agility {unknown}
Comestibles
 f - 15 rations


   Skills:
 + Level 6.9(6.5) Fighting
 - Level 10.1(9.7) Axes
 - Level 1.7(1.4) Throwing
 + Level 5.3(5.0) Armour
 + Level 6.0(5.7) Dodging
 + Level 5.5(5.2) Evocations


You had 9 spell levels left.
You didn't know any spells.
Your spell library contained the following spells:

 Spells                   Type           Power        Failure   Level  Hunger
 Confusing Touch          Hex            #.....       52%         1    ##.....
 Confuse                  Hex            #.......     87%         3    ####...
 Gell's Gravitas          Tloc           #.........   87%         3    ####...
 Petrify                  Tmut/Erth      #.......     99%         4    #####..
 Metabolic Englaciation   Hex/Ice        #.........   100%        5    ######.
 Yara's Violent Unravell  Hex/Tmut       #.........   100%        5    ######.


Dungeon Overview and Level Annotations

Branches:
Dungeon (10/15)            Temple (1/1) D:4
   Lair: D:8-11         Orc: D:9-12

Altars:
Ashenzari
Cheibriados
Dithmenos
Elyvilon
Fedhas
Gozag
Hepliaklqana
Kikubaaqudgha
Makhleb
Nemelex Xobeh
Okawaru
Qazlal
Ru
Sif Muna
Trog
Uskayaw
Vehumet
Wu Jian
Xom
Yredelemnul
Zin
The Shining One

Annotations:
D:10 Erolcha


Innate Abilities, Weirdness & Mutations

You cannot wear boots.
Your serpentine skin is tough. (AC +3)
You have supernaturally acute eyesight. (SInv)
Armour fits poorly on your strangely shaped body.
Your system is resistant to poisons. (rPois)
You cover ground very slowly.
You have a slow metabolism.
You can spit poison.


Message History

You are too injured to fight recklessly!
You are too injured to fight recklessly!
You are too injured to fight recklessly!
You are too injured to fight recklessly!
You are too injured to fight recklessly!
You sock Erolcha!
Erolcha is severely wounded.
The wolf bites you.
Erolcha hits you with a +0 giant spiked club!
The wolf bites you but does no damage.
You hit Erolcha.
Erolcha is almost dead.
The wolf barely misses you.
The wolf splashes around in the water.
Erolcha casts a spell at you. You resist with almost no effort.
You hit Erolcha.
Erolcha is almost dead.
The wolf bites you but does no damage.
Erolcha hits you with a +0 giant spiked club!!
You die...

..~~.~.~)....#
~~~~~~..~....##~#.....#
~...7.~......##~#.....#
.~~7..~~~....#~~#.....#
......7.~.....~~~..<..###
~.~.~..~~###..~~~.......#
~#~~.......#..~~~........
.#...(........~~~?O.....#
.#...######...~~.@#
.#...#......~~~~.h#
.#####.....~~.~~..# ..
.......~..~~..# ..
..........~~..#
.......~..~...#
..........~...#
#######...~~..# #~..~~~..


You could see Erolcha and a wolf.

Vanquished Creatures
  Harold (D:8)
  A centaur warrior (D:9)
  Erica (D:9)
  Pikel (D:7)
  Prince Ribbit (D:8)
  A hornet (D:7)
  Sigmund (D:5)
  Menkaure (D:7)
  A hungry ghost (D:7)
  3 orc warriors
  2 ice beasts
  2 phantoms
  3 sky beasts
  4 slaves (D:7)
  4 ogres
  3 centaurs
  A crocodile (D:9)
  A big kobold (D:7)
  4 bullfrogs
  A water moccasin zombie (D:5)
  4 scorpions
  A jelly (D:7)
  3 hounds
  4 orc priests
  Crazy Yiuf (D:7)
  5 orc wizards
  2 centaur skeletons
  An iguana (D:6)
  6 worker ants
  A howler monkey zombie (D:7)
  6 adders
  A shadow imp (D:8)
  An ooze (D:1)
  2 worms
  4 leopard geckos
  18 orcs
  6 bats
  5 giant cockroaches
  6 hobgoblins
  6 jackals
  7 kobolds
  4 quokkas
  3 frilled lizards
  7 goblins
  A leopard gecko skeleton (D:7)
  A leopard gecko zombie (D:9)
  A quokka zombie (D:5)
  14 rats
158 creatures vanquished.

Vanquished Creatures (others)
  A kobold (D:7)
1 creature vanquished.

Grand Total: 159 creatures vanquished

Notes
Turn   | Place    | Note
-------+----------+-------------------------------------------
     0 | D:1      | Duffy the Naga Gladiator began the quest for the Orb.
     0 | D:1      | Reached XP level 1. HP: 19/19 MP: 1/1
    88 | D:1      | Reached XP level 2. HP: 25/26 MP: 2/2
   469 | D:1      | Reached skill level 4 in Axes
   469 | D:1      | Reached XP level 3. HP: 21/32 MP: 3/3
  1791 | D:3      | Found a shadowy altar of Dithmenos.
  1837 | D:3      | Reached XP level 4. HP: 39/39 MP: 4/4
  1950 | D:3      | Reached skill level 5 in Axes
  2042 | D:3      | Reached XP level 5. HP: 41/45 MP: 5/5
  2616 | D:3      | Reached skill level 6 in Axes
  2650 | D:3      | Reached XP level 6. HP: 34/52 MP: 6/6
  2848 | D:4      | Found a staircase to the Ecumenical Temple.
  2857 | Temple   | Entered the Ecumenical Temple
  2992 | D:4      | Found a sacrificial altar of Ru.
  3158 | D:4      | Reached skill level 7 in Axes
  3825 | D:4      | Reached XP level 7. HP: 45/60 MP: 5/7
  3976 | D:4      | Reached skill level 8 in Axes
  4080 | D:4      | Got an ebony hand crossbow
  4113 | D:4      | Found an ancient bone altar of Kikubaaqudgha.
  4114 | D:4      | Identified the +11 hand crossbow of Neifiyst {elec, rN+
                  | Int+2 Dex+2 SInv} (You found it on level 4 of the Dungeon)
  4192 | D:5      | Entered Level 5 of the Dungeon
  4192 | D:5      | Noticed Sigmund
  4199 | D:5      | Killed Sigmund
  4374 | D:5      | Noticed a +0 hand axe
  4374 | D:5      | Noticed a +0 hand axe
  4391 | D:5      | Found a hide-covered altar of Uskayaw.
  4411 | D:5      | Reached skill level 9 in Axes
  4471 | D:5      | Reached XP level 8. HP: 46/67 MP: 5/8
  4517 | D:5      | Found a burning altar of Makhleb.
  4595 | D:5      | Found a shimmering altar of Xom.
  4595 | D:5      | Noticed an angel
  4627 | D:5      | Found a glowing silver altar of Zin.
  4635 | D:5      | Found a shattered altar of Ashenzari.
  4689 | D:5      | Got a twisted mace
  4690 | D:5      | Identified the +9 mace "Nireav" {crush, MR+} (You found it
                  | on level 5 of the Dungeon)
  5143 | D:6      | Reached skill level 10 in Axes
  5223 | D:6      | Reached skill level 1 in Armour
  5560 | D:6      | Found a white marble altar of Elyvilon.
  5969 | D:7      | Noticed Menkaure
  6531 | D:7      | Killed Menkaure
  6781 | D:7      | Reached XP level 9. HP: 69/78 MP: 9/9
  6858 | D:7      | Noticed Pikel
  6876 | D:7      | Killed Pikel
  6876 | D:7      | Reached skill level 1 in Evocations
  6961 | D:7      | Got an ancient short sword
  7044 | D:7      | Noticed a hornet
  7053 | D:7      | Killed a hornet
  7248 | D:7      | Found an iron altar of Okawaru.
  7285 | D:7      | Found a runed translucent door.
  7286 | D:7      | Noticed Crazy Yiuf
  7291 | D:7      | Killed Crazy Yiuf
  7347 | D:7      | Found a glowing golden altar of the Shining One.
  7442 | D:7      | Found an iron altar of Okawaru.
  7447 | D:7      | Reached skill level 5 in Fighting
  7498 | D:7      | Became a worshipper of the Shining One
  7776 | D:8      | Found a sparkling altar of Nemelex Xobeh.
  7777 | D:8      | Noticed Harold
  7798 | D:8      | Killed Harold
  7798 | D:8      | Reached skill level 5 in Dodging
  7798 | D:8      | Reached XP level 10. HP: 40/91 MP: 5/13
  8626 | D:8      | Noticed Prince Ribbit
  8637 | D:8      | Killed Prince Ribbit
  8857 | D:9      | Noticed a centaur warrior
  8869 | D:9      | Killed a centaur warrior
  8874 | D:9      | Reached skill level 5 in Evocations
  9090 | D:9      | Noticed Erica
  9101 | D:9      | Reached skill level 5 in Armour
  9113 | D:9      | Killed Erica
  9486 | D:9      | Found a hazy altar of Hepliaklqana.
  9647 | D:10     | Entered Level 10 of the Dungeon
  9692 | D:10     | Noticed Erolcha
  9702 | D:10     | Slain by Erolcha

Levels and vault maps discovered:
D:1:      dpeg_arrival_rooms_b, layout_basic
D:2:      layout_basic, wad_floor_pattern_untrapped
D:3:      layout_basic, grunt_dithmenos_smoke, serial_glass, glass_columns_a,
          glass_columns_a, minmay_cut_off
D:4:      layout_gridville, nicolae_overflow_crystal_walls,
          lemuel_coloured_pillars_altar, minmay_temple_entry_grid
D:5:      layout_loops_ring, ashenzari_altar_1, bloody_makhleb,
          dancing_weapons_uskayaw, grunt_temple_overflow_order_and_chaos_1,
          first_ration, uniq_sigmund
D:6:      layout_loops_ring, lemuel_crystal_altar
D:7:      layout_rooms, lemuel_doored_altar, nicolae_tso_carved_into_rock,
          basic_altar, uniq_crazy_yiuf_cottage, uniq_menkaure, uniq_pikel
D:8:      layout_cave_pools, lemuel_round_altar, uniq_prince_ribbit1,
          uniq_harold
D:9:      layout_rooms, overflow_temple_1_default, uniq_erica
D:10:     layout_irregular_city, minmay_lair_entry_grove, serial_shops,
          nicolae_shop_waterfront, serial_rivers,
          chequers_serial_rivers_micro_d, chequers_serial_rivers_small_3,
          chequers_serial_rivers_large_a, chequers_serial_rivers_marsh,
          chequers_serial_rivers_room_a, uniq_grum, uniq_erolcha
Temple:   nicolae_temple_figure_zero

Skill      XL: |  1  2  3  4  5  6  7  8  9 10 |
---------------+-------------------------------+-----
Axes           | 4 5 6 7 9 10 | 10.1
Armour         | 2 4 5 |  5.3
Dodging        | 3 5 6 |  6.0
Fighting       | 3 5 6 |  6.9
Evocations     | 4 5 |  5.5
Throwing       | |  1.7

Action                   |  1- 3 |  4- 6 |  7- 9 | 10-12 || total
-------------------------+-------+-------+-------+-------++-------
Melee: War axe           |   122 |   109 |    61 |       ||   292
       Mace              |       |       |   160 |   130 ||   290
Throw: Throwing net      |       |       |     2 |       ||     2
 Abil: Spit Poison       |     4 |    12 |    10 |     1 ||    27
  Use: Scroll            |       |       |    10 |     2 ||    12
  Eat: Chunk             |     2 |     5 |    14 |     5 ||    26
Armor: Leather armour    |    69 |    44 |    27 |       ||   140
       Ring mail         |       |       |    55 |    64 ||   119
Dodge: Dodged            |    76 |    53 |   119 |    66 ||   314

Table legend:
 A = Non-vault XP
 B = Vault XP
 C = Vault XP percentage of total XP
 D = Non-vault monster count
 E = Vault monster count
 F = Vault count percentage of total count
                 A         B        C        D         E       F
            +---------+---------+-------+---------+---------+-------
      Total |    5455 |    3143 |  36.6 |     143 |      11 |   7.1
            +---------+---------+-------+---------+---------+-------
        D:1 |      46 |       0 |   0.0 |      26 |       0 |   0.0
        D:2 |      27 |       0 |   0.0 |      10 |       0 |   0.0
        D:3 |     253 |      22 |   8.0 |      23 |       4 |  14.8
        D:4 |     375 |       0 |   0.0 |      14 |       0 |   0.0
        D:5 |     450 |     223 |  33.1 |      10 |       1 |   9.1
        D:6 |     715 |       0 |   0.0 |      17 |       0 |   0.0
        D:7 |    1223 |     771 |  38.7 |      18 |       3 |  14.3
        D:8 |     744 |    1241 |  62.5 |      10 |       2 |  16.7
        D:9 |    1495 |     886 |  37.2 |      14 |       1 |   6.7
       D:10 |     127 |       0 |   0.0 |       1 |       0 |   0.0
            +---------+---------+-------+---------+---------+-------
